 Dungeon Crawl Stone Soup version 0.23-a0-143-g1adec7b (webtiles) character file.

1631 tsouns the Sneak (level 8, 0/54 HPs)
             Began as an Octopode Artificer on Sept 6, 2018.
             Was a Follower of Vehumet.
             Slain by an orc warrior
             ... wielding a +0 trident
              (25 damage)
             ... on level 6 of the Dungeon.
             The game lasted 00:22:59 (7282 turns).

tsouns the Sneak (Octopode Artificer)               Turns: 7282, Time: 00:23:00

Health: 0/54       AC:  1    Str: 11    XL:     8   Next: 98%
Magic:  10/10      EV: 12    Int: 15    God:    Vehumet [*.....]
Gold:   302        SH:  9    Dex: 13    Spells: 9/10 levels left

rFire    . . .     SeeInvis .   r - +7 flail (crush)
rCold    . . .     Gourm    .   h - +0 shield
rNeg     . . .     Faith    .   (helmet restricted)
rPois    .         Spirit   .   x - amulet of the acrobat
rElec    .         Reflect  .   (no ring)
rCorr    .         Harm     .   (no ring)
MR       .....                  (no ring)
Stlth    +++++.....             (no ring)
HPRegen  0.18/turn              (no ring)
MPRegen  0.12/turn              (no ring)
                                (no ring)
                                (no ring)

@: no status effects
A: almost no armour, stealthy swim, amphibious, 8 rings, constrict 8, camouflage
1, gelatinous body 1
a: Renounce Religion


You were on level 6 of the Dungeon.
You worshipped Vehumet.
Vehumet was aware of your devotion.
You were not hungry.

You visited 1 branch of the dungeon, and saw 6 of its levels.

You collected 302 gold pieces.

Inventory:

Hand Weapons
 d - a +0 short sword of freezing
 r - a +7 flail of crushing (weapon)
 A - a +0 spear
Missiles
 e - 39 bolts
 g - 191 stones (quivered)
 i - 42 arrows
 o - 5 needles of confusion
 s - 35 sling bullets
 v - 4 tomahawks of returning
 C - a throwing net
 E - 5 tomahawks
Armour
 h - a +0 shield (worn)
Jewellery
 x - an amulet of the acrobat (around mantle)
Wands
 c - a wand of enslavement (10)
 n - a wand of digging (10)
 w - a wand of acid (1)
Scrolls
 a - a scroll of fog
 j - 3 scrolls of amnesia
 l - 2 scrolls of identify
 m - a scroll of magic mapping
 t - 2 scrolls of teleportation
Potions
 b - a potion of heal wounds
 k - a potion of curing
 p - a potion of mutation
 u - 3 potions of flight
 B - a potion of lignification
Comestibles
 f - 12 rations
 q - 9 chunks of flesh


   Skills:
 + Level 4.4 Fighting
 - Level 2.9 Short Blades
 + Level 2.8 Maces & Flails
 - Level 2.7 Polearms
 - Level 2.8 Dodging
 - Level 7.5 Stealth
 + Level 5.4 Shields
 + Level 1.5 Spellcasting
 + Level 1.8 Earth Magic
 - Level 3.2 Evocations


You had 9 spell levels left.
You knew the following spells:

 Your Spells              Type           Power        Failure   Level  Hunger
a - Sandblast             Erth           #.....       36%         1    ##.....
Your spell library was empty.

Dungeon Overview and Level Annotations

Branches:
Dungeon (6/15)             Temple (0/1) D:5

Altars:
Ashenzari
Fedhas
Gozag
Kikubaaqudgha
Makhleb
Qazlal
Ru
Trog
Vehumet
Xom

Annotations:
D:5 3 runed doors, vogonpoet's ghost, novice TrCK


Innate Abilities, Weirdness & Mutations

You cannot wear most types of armour.
You are very stealthy in the water. (Stealth+)
You are amphibious.
You can wear up to eight rings at the same time.
You can use your tentacles to constrict eight enemies at once.
Your skin changes colour to match your surroundings (Stealth+).
Your rubbery body absorbs attacks. (AC +1, EV +1)


Message History

Vehumet accepts your kill. You block the orc warrior's attack.
The orc hits you with a rapier!
You sock the orc!
You kill the orc!
Vehumet accepts your kill. You block the orc warrior's attack.
The orc warrior barely misses you.
You closely miss the orc warrior. You grab the orc warrior.
You constrict the orc warrior, but do no damage.
The orc warrior closely misses you. The orc warrior barely misses you.
You hit the orc warrior.
The orc warrior is lightly wounded.
You constrict the orc warrior.
The orc warrior hits you with a trident!
You hit the orc warrior.
You squeeze the orc warrior, but do no damage.
The orc warrior is heavily wounded.
You constrict the orc warrior, but do no damage.
The orc warrior hits you with a trident!!
You die...

..+.....#...#.....'....######
..#.....#'###.....######.....
'#######..............^......
...#...#.....................
...#...#.....................
...#'###................##+##
..........##########....#
###.......#<..^....#...)+
#.......#.....@o.')...#
#.......##########)...#
######### #..†.)..# #.o.....#
.'.......# ###.......#
....##+## ..... #.....


You could see an orc warrior.

Vanquished Creatures
  Grinder (D:4)
  Edmund (D:4)
  A water moccasin (D:5)
  3 ogres
  Blork the orc (D:5)
  2 bullfrog zombies (D:5)
  2 hounds
  An orc priest (D:5)
  5 gnoll shamans (D:3)
  Natasha (thrice) (D:4)
  An iguana (D:6)
  4 worker ants
  25 gnolls (D:3)
  4 adders
  An adder skeleton (D:4)
  An adder zombie (D:5)
  A worm (D:2)
  A dart slug (D:2)
  A leopard gecko (D:1)
  17 orcs
  8 bats
  3 giant cockroaches
  12 goblins
  3 hobgoblins
  22 jackals
  3 kobolds
  4 quokkas
  5 frilled lizards
  A leopard gecko skeleton (D:4)
  7 rats
144 creatures vanquished.

Vanquished Creatures (collateral kills)
  An adder (D:2)
  A kobold (D:2)
2 creatures vanquished.

Vanquished Creatures (others)
  A hound (D:5)
  A jackal (D:3)
  A quokka (D:5)
3 creatures vanquished.

Grand Total: 149 creatures vanquished

Notes
Turn   | Place    | Note
-------+----------+-------------------------------------------
     0 | D:1      | tsouns the Octopode Artificer began the quest for the Orb.
     0 | D:1      | Reached XP level 1. HP: 13/13 MP: 3/3
   202 | D:1      | Reached skill level 2 in Stealth
   202 | D:1      | Reached XP level 2. HP: 11/18 MP: 4/4
   275 | D:1      | Reached skill level 1 in Shields
   682 | D:2      | Found a shimmering altar of Xom.
   712 | D:2      | Reached XP level 3. HP: 19/23 MP: 5/5
  1034 | D:2      | Found a bloodstained altar of Trog.
  1243 | D:2      | Reached skill level 3 in Stealth
  1468 | D:2      | Reached XP level 4. HP: 28/28 MP: 6/6
  1937 | D:3      | Found a radiant altar of Vehumet.
  2162 | D:3      | Found a burning altar of Makhleb.
  2218 | D:3      | HP: 1/28 [gnoll/spear (8)]
  2585 | D:3      | Reached skill level 4 in Stealth
  2585 | D:3      | Reached XP level 5. HP: 33/33 MP: 7/7
  3229 | D:3      | Noticed an ogre
  3271 | D:3      | Killed an ogre
  3271 | D:3      | Reached XP level 6. HP: 39/39 MP: 8/8
  3282 | D:3      | Reached skill level 5 in Stealth
  3313 | D:3      | HP: 2/41 [gnoll/halberd (13)]
  3690 | D:3      | Reached XP level 7. HP: 43/45 MP: 9/9
  4071 | D:3      | Reached skill level 6 in Stealth
  4463 | D:3      | Reached skill level 1 in Polearms
  4524 | D:3      | Became a worshipper of Vehumet
  4850 | D:4      | Found a sacrificial altar of Ru.
  4880 | D:4      | Noticed Grinder
  4889 | D:4      | Killed Grinder
  4889 | D:4      | Reached XP level 8. HP: 33/54 MP: 10/10
  5110 | D:4      | Noticed Edmund
  5132 | D:4      | Killed Edmund
  5132 | D:4      | Reached skill level 7 in Stealth
  5192 | D:4      | Noticed Natasha
  5200 | D:4      | Killed Natasha
  5243 | D:4      | Noticed Natasha
  5261 | D:4      | Killed Natasha
  5716 | D:4      | Noticed Natasha
  5721 | D:4      | Killed Natasha
  5932 | D:4      | Reached skill level 1 in Maces & Flails
  6147 | D:5      | Entered Level 5 of the Dungeon
  6310 | D:5      | Found a runed gate.
  6315 | D:5      | Noticed vogonpoet's ghost (novice TrCK)
  6317 | D:5      | Found a runed gate.
  6320 | D:5      | Found a runed gate.
  6367 | D:5      | Reached * piety under Vehumet
  6367 | D:5      | Offered knowledge of Sandblast by Vehumet.
  6370 | D:5      | Reached skill level 5 in Shields
  6496 | D:5      | Learned a level 1 spell: Sandblast
  6627 | D:5      | Found a stormy altar of Qazlal.
  6683 | D:5      | Found an ancient bone altar of Kikubaaqudgha.
  6756 | D:5      | Noticed Blork the orc
  6767 | D:5      | Killed Blork the orc
  6767 | D:5      | Reached skill level 1 in Spellcasting
  6767 | D:5      | Reached skill level 1 in Earth Magic
  6864 | D:5      | Found a staircase to the Ecumenical Temple.
  7007 | D:5      | Found an opulent altar of Gozag.
  7007 | D:5      | Found a shattered altar of Ashenzari.
  7013 | D:5      | Found a faded altar of an unknown god.
  7015 | D:5      | Found a blossoming altar of Fedhas.
  7017 | D:5      | Found a faded altar of an unknown god.
  7282 | D:6      | Slain by an orc warrior

Vault maps used:
D:1:      dpeg_arrival_pond
D:2:      nicolae_overflow_crystal_walls, lemuel_round_altar, first_ration
D:3:      lemuel_castle_with_subvaults, lemuel_doored_altar,
          lemuel_coloured_pillars_altar
D:4:      lemuel_crystal_altar, uniq_edmund, uniq_grinder, uniq_natasha
D:5:      marbit_many_paths, lemuel_round_altar,
          chequers_temple_overflow_minitemple, minmay_temple_entry_poolview,
          ebering_ghost_rock_garden, dk_vineyard_3, uniq_blork_the_orc

Skill      XL: |  1  2  3  4  5  6  7  8 |
---------------+-------------------------+-----
Stealth        | 2 3 4 5 6 7 |  7.5
Shields        | 1 2 3 4 5 |  5.4
Short Blades   | 2 |  2.9
Fighting       | 2 3 4 |  4.4
Polearms       | 2 |  2.7
Maces & Flails | 2 |  2.8
Spellcasting   | 1 |  1.5
Earth Magic    | 1 |  1.8
Dodging        | |  2.8
Evocations     | |  3.2

Action                   |  1- 3 |  4- 6 |  7- 9 || total
-------------------------+-------+-------+-------++-------
Melee: Short sword       |    58 |    94 |    68 ||   220
       Constrict         |    12 |    30 |    25 ||    67
       Tentacles         |     6 |    16 |    22 ||    44
       Spear             |       |    24 |    23 ||    47
       Halberd           |       |    70 |       ||    70
       Flail             |       |       |    52 ||    52
Throw: Stone             |       |       |    11 ||    11
       Throwing net      |       |       |     1 ||     1
 Cast: Sandblast         |       |       |     2 ||     2
Evoke: Wand              |     5 |    21 |    17 ||    43
  Use: Scroll            |     3 |     5 |    10 ||    18
       Potion            |       |       |     2 ||     2
 Stab: Sleeping          |     9 |     5 |     9 ||    23
       Distracted        |     1 |       |       ||     1
  Eat: Chunk             |     2 |     7 |     6 ||    15
       Ration            |       |       |     2 ||     2
Armor: Skin              |     7 |     6 |     3 ||    16
Dodge: Dodged            |    10 |    63 |    49 ||   122
Block: Shield            |    17 |    31 |    51 ||    99

Table legend:
 A = Non-vault XP
 B = Vault XP
 C = Vault XP percentage of total XP
 D = Non-vault monster count
 E = Vault monster count
 F = Vault count percentage of total count
                 A         B        C        D         E       F
            +---------+---------+-------+---------+---------+-------
      Total |    1034 |    1296 |  55.6 |      94 |      53 |  36.1
            +---------+---------+-------+---------+---------+-------
        D:1 |      23 |       0 |   0.0 |      13 |       0 |   0.0
        D:2 |      64 |       0 |   0.0 |      24 |       0 |   0.0
        D:3 |      49 |     711 |  93.6 |      21 |      49 |  70.0
        D:4 |     247 |     489 |  66.4 |      16 |       3 |  15.8
        D:5 |     486 |      96 |  16.5 |      14 |       1 |   6.7
        D:6 |     165 |       0 |   0.0 |       6 |       0 |   0.0
            +---------+---------+-------+---------+---------+-------
